 Dungeon Crawl Stone Soup version 0.25.1-2-g60ff931df9 (webtiles) character file.

Game seed: 4686170059555654122

33173 DearestLeader the Devastator (level 13, -1/94 HPs)
             Began as a White Draconian Conjurer on Oct 26, 2020.
             Was a High Priest of Vehumet.
             Killed from afar by an ice dragon (11 damage)
             ... with a blast of cold
             ... in an ice cave.
             The game lasted 00:46:14 (17131 turns).

DearestLeader the Devastator (DrCj)                Turns: 17131, Time: 00:46:14

Health: -1/94      AC: 13    Str: 16    XL:     13   Next: 35%
Magic:  11/25      EV: 19    Int: 20    God:    Vehumet [*****.]
Gold:   957        SH:  0    Dex: 13    Spells: 9/29 levels left

rFire    . . .     SeeInvis .   K - staff of cold
rCold    + + .     Gourm    .   (no shield)
rNeg     . . .     Faith    .   (armour unavailable)
rPois    +         Spirit   .   u - +1 hat
rElec    .         Reflect  .   v - +1 cloak of Momeop {+Blink rPois}
rCorr    .         Harm     .   D - +1 pair of gloves
MR       .....                  (no boots)
Stlth    ++........             F - amulet of magic regeneration
HPRegen  0.25/turn              y - +4 ring of evasion
MPRegen  0.44/turn              C - +6 ring of strength

@: about to teleport
A: breathe frost, unfitting armour, cold resistance 1, cold-blooded, AC +8
a: Breathe Frost, Renounce Religion, Evoke Blink


You were in an ice cave.
You worshipped Vehumet.
Vehumet was extremely pleased with you.
You were hungry.

You visited 3 branches of the dungeon, and saw 16 of its levels.
You also visited: Ice Cave.

You collected 957 gold pieces.

Inventory:

Hand Weapons
 k - a +1 dagger of venom
Armour
 n - a +1 cloak of poison resistance
 u - a +1 hat (worn)
 v - the +1 cloak of Momeop (worn) {+Blink rPois}
   (You found it on level 5 of the Dungeon)

   It protects you from poison.
   It lets you blink.
 D - a +1 pair of gloves (worn)
Magical Staves
 K - an uncursed staff of cold (weapon)
Jewellery
 c - an uncursed amulet of guardian spirit
 h - an uncursed ring of fire
 y - a +4 ring of evasion (left hand)
 C - a +6 ring of strength (right hand)
 F - an amulet of magic regeneration (around neck)
Wands
 m - a wand of paralysis (18)
 M - a wand of flame (23)
 Q - a wand of enslavement (7)
Scrolls
 d - a scroll of immolation
 e - a scroll of holy word {unknown}
 i - 5 scrolls of amnesia
 j - a scroll of enchant weapon
 l - 4 scrolls of remove curse
 o - 3 scrolls of enchant armour
 p - 2 scrolls of teleportation
 s - 2 scrolls of fear
 B - 2 scrolls of magic mapping
 E - a scroll of acquirement {unknown}
 G - a scroll of blinking
 I - a scroll of random uselessness {unknown}
 J - a scroll of fog {unknown}
 O - a scroll of noise {unknown}
 P - a scroll of identify
Potions
 a - 7 potions of curing
 f - 2 potions of ambrosia
 g - a potion of berserk rage
 q - 3 potions of lignification
 r - 2 potions of brilliance
 w - 2 potions of cancellation {unknown}
 z - a potion of resistance {unknown}
 A - 2 potions of flight {unknown}
 H - a potion of invisibility {unknown}
 L - 2 potions of haste {unknown}
 N - a potion of degeneration {unknown}
Comestibles
 b - 34 rations


   Skills:
 - Level 3.1 Fighting
 + Level 5.7 Dodging
 - Level 1.7 Stealth
 + Level 8.5 Spellcasting
 * Level 16.3 Conjurations
 - Level 5.1 Hexes
 + Level 9.7 Ice Magic
 - Level 4.0 Air Magic
 - Level 2.1 Poison Magic


You had 9 spell levels left.
You knew the following spells:

 Your Spells              Type           Power        Failure   Level  Hunger
a - Magic Dart            Conj           ####         0%          1    None
b - Searing Ray           Conj           ######       0%          2    None
c - Fulminant Prism       Conj/Hex       ######....   1%          4    ###....
d - Dazzling Flash        Conj/Hex       ######       1%          3    None
e - Iskenderun's Mystic   Conj/Tloc      #####...     1%          4    ###....
f - Frozen Ramparts       Ice            ######       1%          3    None
g - Mephitic Cloud        Conj/Pois/Air  #####...     1%          3    None

Your spell library contained the following spells:

 Spells                   Type           Power        Failure   Level  Hunger
 Conjure Ball Lightning   Conj/Air       #####.....   5%          6    ######.
 Freeze                   Ice            ####         1%          1    None
 Hailstorm                Conj/Ice       ######..     1%          4    ###....
 Ozocubu's Armour         Chrm/Ice       #####...     3%          3    None
 Animate Skeleton         Necr           N/A          9%          1    None
 Pain                     Necr           #...         9%          1    None
 Summon Ice Beast         Ice/Summ       #####...     11%         4    ###....
 Vampiric Draining        Necr           #.........   24%         3    None
 Animate Dead             Necr           N/A          63%         4    ###....
 Agony                    Necr           #.......     92%         5    #####..


Dungeon Overview and Level Annotations

Branches:
Dungeon (11/15)            Temple (1/1) D:7            Lair (4/6) D:10
 Shoals (0/4) Lair:4        Snake (0/4) Lair:3          Orc (0/2) D:11
  IceCv (1/1)

Altars:
Ashenzari
Cheibriados
Fedhas
Gozag
Hepliaklqana
Kikubaaqudgha
Makhleb
Nemelex Xobeh
Okawaru
Qazlal
Ru
Trog
Uskayaw
Vehumet
Wu Jian
Xom
Yredelemnul
The Shining One

Shops:
D:10 (

Annotations:
D:4 3 runed translucent doors, kulik242's ghost, novice MfGl
D:9 3 runed translucent doors, Delamore's ghost, novice GrFi; chimenez's ghost, novice TrSk
Lair:1 exclusion: oklob plant
Lair:2 exclusion: 2 oklob plants
Lair:3 2 transporters, Zyte's ghost, novice DDFi IceCv exclusion: ice statue


Innate Abilities, Weirdness & Mutations

You can breathe waves of freezing cold.
You can buffet flying creatures when you breathe cold.
Your icy white scales are hard. (AC +8)
You cannot fit into any form of body armour.
Your flesh is cold resistant. (rC+)
You are cold-blooded and may be slowed by cold attacks.


Message History

* * * LOW HITPOINT WARNING * * *
The ice dragon tramples you!
* * * LOW HITPOINT WARNING * * *
You stumble backwards!
As you read the scroll of teleportation, it crumbles to dust.
You feel strangely unstable. The ice dragon bites you!
* * * LOW HITPOINT WARNING * * *
The ice dragon barely misses you. The ice dragon closely misses you.
Unknown command.
You feel much better. The ice dragon bites you.
* * * LOW HITPOINT WARNING * * *
The ice dragon claws you but does no damage.
The ice dragon completely misses you. The ice dragon breathes frost at you.
The blast of cold hits the ice dragon.
The ice dragon resists.
The blast of cold hits you! You resist.
* * * LOW HITPOINT WARNING * * *
The ice dragon breathes frost at you. The blast of cold hits you! You resist.
You die...

........# ##
8........## .##
#.........#
..##..........##
#..............##
##..............##
# ##.........##..#
##
##........###.##
.# #........##
#@.# ## #.......#
##.# # ##.....##
#D## # #.....#
#..# ###..## #.D#
#.#.## #..##
###..# ##..##
##.## ##..###
#..## ##...#


You could see 2 ice dragons.

Vanquished Creatures
  Snorg (D:10)
  2 hydras
  A two-headed ogre (D:11)
  An ugly thing (D:11)
  6 elephants (Lair:3)
  3 black mambas
  6 spiny frogs
  An ice statue (IceCv)
  5 rime drakes
  2 komodo dragons
  A troll (D:11)
  2 hornets (D:11)
  11 blink frogs
  4 hippogriffs
  2 wyverns
  Sigmund (D:6)
  19 yaks
  A basilisk (Lair:1)
  Menkaure (D:7)
  A naga (Lair:3)
  An acid dragon (D:11)
  6 water moccasins
  5 porcupines
  4 sky beasts
  6 orc warriors
  A necrophage (D:10)
  A phantom (D:2)
  20 ice beasts
  7 ogres
  7 centaurs
  5 crocodiles
  11 wolves
  A big kobold (D:8)
  11 bullfrogs
  A wyvern zombie (D:11)
  4 scorpions
  18 killer bees
  12 howler monkeys
  3 crimson imps
  A centaur zombie (D:8)
  3 hounds
  4 orc priests
  2 jellies
  A centaur skeleton (D:4)
  6 orc wizards
  3 bullfrog skeletons
  5 iguanas
  Crazy Yiuf (D:5)
  6 worker ants
  A hound zombie (D:7)
  A mummy (D:5)
  8 gnolls
  A howler monkey skeleton (D:6)
  17 adders
  A shadow imp (D:5)
  4 oozes
  3 adder skeletons
  2 adder zombies
  3 worms
  6 leopard geckos
  34 orcs
  A ball python (D:6)
  5 giant cockroaches
  11 goblins
  5 hobgoblins
  2 jackals (D:2)
  4 quokkas
  A ball python skeleton (D:5)
  7 bats
  4 frilled lizards
  A goblin zombie (D:5)
  A hobgoblin zombie (D:5)
  12 kobolds
  2 leopard gecko zombies
  A quokka zombie (D:8)
  7 rats
372 creatures vanquished.

Vanquished Creatures (others)
  A fulminant prism (Lair:2)
  A fungus (Lair:4)
  2 plants
  3 withered plants (D:9)
7 creatures vanquished.

Grand Total: 379 creatures vanquished

Notes
Turn   | Place    | Note
-------+----------+-------------------------------------------
     0 | D:1      | DearestLeader the Draconian Conjurer began the quest for
                  | the Orb.
     0 | D:1      | Reached XP level 1. HP: 14/14 MP: 3/3
   136 | D:1      | Reached XP level 2. HP: 20/20 MP: 5/5
   165 | D:1      | Learned a level 2 spell: Searing Ray
   464 | D:1      | Found a sparkling altar of Nemelex Xobeh.
  1110 | D:2      | Reached skill level 5 in Conjurations
  1116 | D:2      | Reached XP level 3. HP: 26/26 MP: 6/6
  1371 | D:2      | Reached XP level 4. HP: 26/33 MP: 3/7
  1482 | D:2      | Noticed a phantom
  1551 | D:2      | Killed a phantom
  1551 | D:2      | Reached skill level 6 in Conjurations
  1551 | D:2      | Reached XP level 5. HP: 15/38 MP: 0/8
  2489 | D:3      | Reached skill level 7 in Conjurations
  2651 | D:3      | Learned a level 4 spell: Fulminant Prism
  3182 | D:4      | Reached XP level 6. HP: 45/45 MP: 6/9
  3463 | D:4      | Found a runed translucent gate.
  3467 | D:4      | Found a runed translucent gate.
  3470 | D:4      | Found a runed translucent gate.
  3476 | D:4      | Found a shattered altar of Ashenzari.
  3739 | D:4      | Found a bloodstained altar of Trog.
  3768 | D:4      | Reached skill level 8 in Conjurations
  3774 | D:4      | Learned a level 3 spell: Dazzling Flash
  3798 | D:4      | Your scales start taking on an icy white colour.
  3798 | D:4      | Reached XP level 7. HP: 21/50 MP: 11/11
  3798 | D:4      | Gained mutation: Your flesh is cold resistant. (rC+) [White
                  | Draconian growth]
  4945 | D:4      | Noticed kulik242's ghost (novice MfGl)
  5024 | D:5      | Entered Level 5 of the Dungeon
  5089 | D:5      | Found an ornate altar of the Wu Jian Council.
  5185 | D:5      | Got a warped cloak
  5195 | D:5      | Identified the +1 cloak of Momeop {+Blink rPois} (You found
                  | it on level 5 of the Dungeon)
  5384 | D:5      | Found a sparkling altar of Nemelex Xobeh.
  5409 | D:5      | Reached skill level 9 in Conjurations
  5429 | D:5      | Learned a level 4 spell: Iskenderun's Mystic Blast
  5650 | D:5      | Found a runed translucent door.
  5710 | D:5      | Reached XP level 8. HP: 28/57 MP: 9/14
  5738 | D:5      | Found a sand-covered staircase.
  6225 | D:5      | Noticed Crazy Yiuf
  6689 | D:5      | Killed Crazy Yiuf
  6823 | D:6      | Noticed Sigmund
  6827 | D:6      | Killed Sigmund
  6829 | D:6      | Reached skill level 10 in Conjurations
  6829 | D:6      | Reached skill level 1 in Hexes
  6930 | D:6      | Reached skill level 5 in Spellcasting
  7470 | D:6      | Reached XP level 9. HP: 57/62 MP: 16/16
  7936 | D:7      | Reached skill level 11 in Conjurations
  8089 | D:7      | Found a staircase to the Ecumenical Temple.
  8097 | Temple   | Entered the Ecumenical Temple
  8107 | Temple   | Became a worshipper of Vehumet
  8315 | D:7      | Noticed Menkaure
  8319 | D:7      | Killed Menkaure
  8588 | D:8      | Reached skill level 12 in Conjurations
  8699 | D:8      | Learned a level 3 spell: Frozen Ramparts
  8778 | D:8      | Found a basalt altar of Yredelemnul.
  8827 | D:8      | Reached skill level 1 in Ice Magic
  8844 | D:8      | Reached * piety under Vehumet
  8844 | D:8      | Offered knowledge of Shock by Vehumet.
  9260 | D:9      | Reached XP level 10. HP: 69/69 MP: 9/17
  9303 | D:9      | Reached skill level 5 in Hexes
  9476 | D:9      | Found a runed translucent gate.
  9499 | D:9      | Found a runed translucent gate.
  9499 | D:9      | Found a runed translucent gate.
  9499 | D:9      | Noticed Delamore's ghost (novice GrFi)
  9764 | D:9      | Noticed chimenez's ghost (novice TrSk)
  9833 | D:10     | Entered Level 10 of the Dungeon
  9863 | D:10     | Found a staircase to the Lair.
  9891 | D:10     | Noticed Snorg
 10114 | D:10     | Reached ** piety under Vehumet
 10114 | D:10     | Offered knowledge of Sandblast by Vehumet.
 10150 | D:10     | Reached skill level 5 in Ice Magic
 10245 | D:10     | Killed Snorg
 10245 | D:10     | Reached skill level 13 in Conjurations
 10392 | D:10     | Found Poqol's Weapon Shoppe.
 10615 | D:10     | Reached skill level 14 in Conjurations
 10615 | D:10     | Reached XP level 11. HP: 74/74 MP: 17/20
 11196 | D:11     | Noticed a green ugly thing
 11206 | D:11     | Killed a green ugly thing
 11206 | D:11     | Reached skill level 1 in Fighting
 11236 | D:11     | Noticed a two-headed ogre
 11246 | D:11     | Killed a two-headed ogre
 11540 | D:11     | Offered knowledge of Mephitic Cloud by Vehumet.
 11547 | D:11     | Learned a level 3 spell: Mephitic Cloud
 11586 | D:11     | Found a staircase to the Orcish Mines.
 11678 | D:11     | Reached *** piety under Vehumet
 11969 | D:11     | Reached skill level 1 in Air Magic
 11969 | D:11     | Reached XP level 12. HP: 89/89 MP: 19/21
 12555 | Lair:1   | Entered Level 1 of the Lair of Beasts
 12633 | Lair:1   | Offered knowledge of Airstrike by Vehumet.
 13327 | Lair:1   | Reached skill level 15 in Conjurations
 13478 | Lair:1   | Found a blossoming altar of Fedhas.
 13854 | Lair:2   | Reached skill level 1 in Poison Magic
 14189 | Lair:2   | Reached **** piety under Vehumet
 14280 | Lair:2   | Noticed a seven-headed hydra
 14297 | Lair:2   | Killed a seven-headed hydra
 14481 | Lair:2   | Offered knowledge of Lee's Rapid Deconstruction by Vehumet.
 15317 | Lair:3   | Noticed a seven-headed hydra
 15350 | Lair:3   | Found a staircase to the Snake Pit.
 15588 | Lair:3   | Found a transporter.
 15598 | Lair:3   | Found a transporter.
 15601 | Lair:3   | Noticed Zyte's ghost (novice DDFi)
 15757 | Lair:3   | Noticed an eight-headed hydra
 15761 | Lair:3   | Reached XP level 13. HP: 93/94 MP: 25/25
 15794 | Lair:3   | Reached skill level 5 in Dodging
 15822 | Lair:3   | Reached skill level 16 in Conjurations
 16545 | Lair:4   | Reached ***** piety under Vehumet
 16552 | Lair:4   | Found a frozen archway.
 16572 | IceCv    | Entered an ice cave
 16582 | IceCv    | Offered knowledge of Conjure Ball Lightning by Vehumet.
 17128 | IceCv    | HP: 4/94 [ice dragon (11)]
 17131 | IceCv    | Killed from afar by an ice dragon

Illustrated notes

Levels and vault maps discovered:
D:1:      lightli_arrival_statuegarden, layout_basic,
          nemelex_xobeh_ov_fountains_minmay
D:2:      layout_basic, hangedman_decor_riveting
D:3:      layout_rooms, minivault_23, minmay_ruptured
D:4:      layout_layer_cave, ashenzari_altar_1, first_ration,
          gammafunk_ghost_necromancy, grunt_ministairs_3,
          trog_three_pillars_becter
D:5:      layout_basic, basic_altar, nicolae_ossuary_entry_giza,
          nemelex_spade_bored_becter, uniq_crazy_yiuf_cottage
D:6:      layout_loops_ring, uniq_sigmund
D:7:      layout_loops_cross, minmay_temple_entry_hall, uniq_menkaure
D:8:      layout_cave_pools, basic_altar, blue_anna_alchemist
          [blue_anna_fruit_fields, blue_anna_fruit_fields]
D:9:      layout_layer_cave, gammafunk_ghost_cemetery
D:10:     layout_loops_cross, lair_entry_dummy, serial_shops,
          nicolae_shop_waterfront, minivault_14, kennysheep_generic_room_5,
          uniq_snorg
D:11:     layout_stronghold, david_orc_2
Temple:   dpeg_three_leaves_temple
Lair:1:   layout_regular_city, tgw_fedhas, grunt_megastairs_3,
          serial_bayou_shore_b, infiniplex_staircase_pool
Lair:2:   layout_long_grid, minmay_lair_oklob_chamber, grunt_megastairs_2
Lair:3:   layout_big_grid, guppyfry_snake_entry_island,
          gammafunk_ghost_berserking_beasts
Lair:4:   layout_long_grid, minmay_shoals_entry_lonely_mermaid,
          portal_ice_cave_rime
IceCv:    ice_cave_small_dragons

Skill      XL: |  1  2  3  4  5  6  7  8  9 10 11 12 13 |
---------------+----------------------------------------+-----
Conjurations   | 5 6 7 8 9 10 12 14 15 16 | 16.3
Spellcasting   | 3 4 5 6 8 |  8.5
Dodging        | 3 4 5 |  5.7
Hexes          | 2 4 5 |  5.1
Ice Magic      | 2 8 9 |  9.7
Fighting       | 3 |  3.1
Air Magic      | 1 4 |  4.0
Poison Magic   | 2 |  2.1
Stealth        | |  1.7

Action                   |  1- 3 |  4- 6 |  7- 9 | 10-12 | 13-15 || total
-------------------------+-------+-------+-------+-------+-------++-------
Melee: Whip              |    79 |    13 |       |       |       ||    92
       Tailslap          |    11 |    13 |    27 |    21 |     8 ||    80
       Dagger            |       |   141 |   251 |    63 |       ||   455
       Staff             |       |       |       |   138 |    32 ||   170
 Cast: Magic Dart        |     4 |     8 |     7 |    18 |       ||    37
       Searing Ray       |     3 |    10 |    38 |    56 |    26 ||   133
       Frozen Ramparts   |       |       |       |    56 |     7 ||    63
       Mephitic Cloud    |       |       |       |     4 |     2 ||     6
       Dazzling Flash    |       |       |       |     3 |     6 ||     9
       Iskenderun's Myst |       |       |       |     2 |     8 ||    10
       Fulminant Prism   |       |       |       |     1 |       ||     1
 Abil: Breathe Frost     |       |       |     1 |     1 |       ||     2
Evoke: Wand              |       |       |       |       |     1 ||     1
  Use: Scroll            |       |     2 |     4 |    10 |     2 ||    18
       Potion            |       |       |       |     1 |     3 ||     4
 Stab: Sleeping          |     5 |     2 |     4 |     1 |       ||    12
       Distracted        |       |       |       |     1 |       ||     1
       Invisible         |       |       |       |     1 |       ||     1
  Eat: Chunk             |     2 |     8 |    15 |    21 |     1 ||    47
       Ration            |       |       |     1 |       |     1 ||     2
Armor: Skin              |    35 |    44 |   105 |   103 |    37 ||   324
Dodge: Dodged            |    81 |   106 |   225 |   315 |   111 ||   838
